[Event "*** Titled Tuesday Blitz"]
[Site "Chess.com"]
[Date "2021.04.06"]
[Round "2"]
[White "xurramid77"]
[Black "sergivila"]
[Result "1-0"]
[WhiteElo "2620"]
[BlackElo "2325"]
[TimeControl "180+1"]
[EndTime "10:16:18 PDT"]
[Termination "xurramid77 won by resignation"]

1. e4 c5 2. c3 d5 3. exd5 Qxd5 4.
d4 Nf6 5. Nf3 e6 6. Bd3 Be7 7. O-O O-O 8. dxc5 Qxc5 9. Qe2 b6 10.
Nbd2 Bb7 11. h3 Qc7 12. Re1 Nbd7 13. Bc2 Rad8 14. Nf1 Nc5 15. Ng3 Rfe8 16. b3 Bd6 17. Nf1 e5 18. Bg5 Qe7 19. Ne3 Qe6 20. Bf5 Qe7 21. Ng4 e4 22. Nd4 Be5 23. Rad1 g6 24.
f4 exf3 25. Qxe5 Qxe5 26. Nxe5 1-0

[Event "*** Titled Tuesday Blitz"]
[Site "Chess.com"]
[Date "2021.04.06"]
[Round "2"]
[White "Vamostodorecto"]
[Black "Andrakhanova"]
[Result "1-0"]
[WhiteElo "2453"]
[BlackElo "2231"]
[TimeControl "180+1"]
[EndTime "10:16:20 PDT"]
[Termination "Vamostodorecto won by resignation"]

1. d4 d5 2. c4 e6 3. Nc3 c6 4. e4 dxe4 5. Nxe4 Bb4+ 6. Bd2 Qxd4 7. Bxb4 Qxe4+ 8. Be2 Ne7 9. Nf3 Nd7 10. O-O c5 11.
Bc3 O-O 12. Bd3 Qg4 13. h3 Qh5 14. Kh2 f5 15. Qe2 Nf6 16. Kg1 Ng6 17. Rfe1 Nf4 18. Qd1 Nxd3 19. Qxd3 Ne4 20. Be5 b6 21. Rxe4 fxe4 22. Qxe4 Bd7 23. Rd1 Qf5 24. Qxf5 1-0

[Event "*** Titled Tuesday Blitz"]
[Site "Chess.com"]
[Date "2021.04.06"]
[Round "2"]
[White "TheCount"]
[Black "chessmadara"]
[Result "1-0"]
[WhiteElo "2602"]
[BlackElo "2193"]
[TimeControl "180+1"]
[EndTime "10:16:24 PDT"]
[Termination "TheCount won by resignation"]

1. d4 Nf6 2. c4 g6 3. Nc3 d5 4. cxd5 Nxd5 5. e4 Nxc3 6. bxc3 Bg7 7. Nf3 c5 8. Be3 O-O 9. Qd2 Nc6 10. d5 Ne5 11. Nxe5 Bxe5 12. f4 Bg7 13. Be2 Qa5 14.
Rc1 Rd8 15. c4 Qxd2+ 16. Kxd2 b6 17. h4 e6 18. h5 f5 19. h6 Bh8 20. e5 exd5 21.
cxd5 Rxd5+ 22. Kc3 Bb7 23. Bc4 Kf8 24. Bxd5 Bxd5 25.
Rhd1 Bxg2 26. Rd7 1-0

[Event "*** Titled Tuesday Blitz"]
[Site "Chess.com"]
[Date "2021.04.06"]
[Round "2"]
[White "PushingpawnsNYC"]
[Black "Cptn2"]
[Result "0-1"]
[WhiteElo "2282"]
[BlackElo "2515"]
[TimeControl "180+1"]
[EndTime "10:16:28 PDT"]
[Termination "Cptn2 won by resignation"]

1. e4 c5 2. Nc3 g6 3. Bc4 Bg7 4. Qf3 e6 5. Nb5 d6 6. Qg3 Bf8 7. f4 a6 8. Nc3 Nc6 9. Nf3 Bg7 10. a3 Nge7 11. O-O O-O 12. d3 d5 13. Ba2 f5 14. Qf2 Nd4 15. Be3 Nxf3+ 16. Qxf3 d4 17.
Bd2 dxc3 18. bxc3 Kh8 19. e5 Bd7 20. Qxb7 Bc6 21. Qb1 Bd5 22. Qe1 Rb8 23. c4 Ba8 24.
Rb1 Nc6 25. Bb3 Nd4 26. Ba5 Qd7 27. Rf2 Nxb3 28. Rxb3 Rxb3 29. cxb3 Qxd3 30. b4 Qxc4 31. bxc5 Rc8 32. Bb6 Bf8 33. Rd2 Bxc5+ 34. Bxc5 Qxc5+ 35. Kh1 Bd5 36. h3 Qc1 37. Rd1 Qxf4 0-1

[Event "*** Titled Tuesday Blitz"]
[Site "Chess.com"]
[Date "2021.04.06"]
[Round "2"]
[White "NateSolon"]
[Black "kamilianin235"]
[Result "1-0"]
[WhiteElo "2606"]
[BlackElo "2250"]
[TimeControl "180+1"]
[EndTime "10:16:29 PDT"]
[Termination "NateSolon won by resignation"]

1. d4 d5 2. c4 dxc4 3. Nf3 Nf6 4. e3 e6 5. Bxc4 c5 6. O-O a6 7. Be2 b5 8. a4 b4 9. Nbd2 Bb7 10. Nc4 Nbd7 11.
a5 Rc8 12. b3 Qc7 13. Bb2 Be7 14. Rc1 Qb8 15. Nfe5 O-O 16. Bf3 Bxf3 17. Qxf3 Nxe5 18. Nxe5 Nd5 19. Nd7 Qc7 20. Nxf8 Bxf8 21. dxc5 Bxc5 22. Qg3 Qxg3 23. hxg3 Ne7 24. Rc4 Bd6 25.
Rfc1 Rxc4 26. Rxc4 f6 27. Bd4 Kf7 28. Bc5 Bxc5 29.
Rxc5 h6 30. Rc7 Kf8 31. Ra7 Nd5 32. Rxa6 Nc3 33. Rxe6 1-0

[Event "*** Titled Tuesday Blitz"]
[Site "Chess.com"]
[Date "2021.04.06"]
[Round "2"]
[White "Maddie"]
[Black "Smile2005"]
[Result "0-1"]
[WhiteElo "2069"]
[BlackElo "2391"]
[TimeControl "180+1"]
[EndTime "10:16:29 PDT"]
[Termination "Smile2005 won by checkmate"]

1. d4 Nf6 2. e3 g6 3. Bd3 Bg7 4.
f4 O-O 5. Nf3 d6 6. O-O Nbd7 7.
c3 e5 8. fxe5 dxe5 9. Bc4 exd4 10. exd4 Nb6 11. Bb3 c6 12. Ne5 Nbd7 13. Bf4 Nxe5 14.
Bxe5 Qe7 15. Nd2 Be6 16. Bxe6 Qxe6 17. Nf3 h6 18. Re1 Rfe8 19. Bxf6 Qxf6 20. Rxe8+ Rxe8 21. Qd2 Kh7 22. Re1 Rxe1+ 23. Qxe1 Qf5 24. a3 Qc2 25. Qd2 Qb1+ 26. Kf2 g5 27. h3 f5 28. Nh2 a5 29.
Nf3 a4 30. Qe2 b5 31. Ne5 Bxe5 32. dxe5 Kg6 33. e6 Qe4 34. e7 Qxe2+ 35. Kxe2 Kf7 36.
e8=Q+ Kxe8 37. Ke3 Ke7 38. Kd4 Kd6 39. g3 c5+ 40. Ke3 Ke5 41. Kf3 h5 42. Ke3 c4 43.
Kf3 g4+ 44. hxg4 hxg4+ 45. Ke3 f4+ 46. gxf4+ Kf5 47. Kf2 Kxf4 48. Ke2 Ke4 49. Kf2 Kd3 50. Kg3 Kc2 51. Kxg4 Kxb2 52. Kf4 Kxc3 53. Ke4 Kb3 54. Kd4 c3 55. Kd3 c2 56. Kd2 Kb2 57. Ke2 c1=Q 58.
Kf2 Kxa3 59. Kg2 Qe1 60. Kh3 Qg1 61. Kh4 Kb2 62. Kh5 a3 63. Kh6 a2 64. Kh7 a1=Q 65. Kh8 Qaf1 66. Kh7 Kc2 67. Kh8 b4 68. Kh7 b3 69.
Kh8 b2 70. Kh7 b1=Q 71. Kh8 Qbe1 72. Kh7 Qef2 73. Kh8 Qf1g2 74. Kh7 Qfg3 75. Kh8 Kd3 76. Kh7 Ke4 77. Kh8 Kf5 78. Kh7 Kf6 79. Kh8 Qb8+ 80. Kh7 Qh3# 0-1

[Event "*** Titled Tuesday Blitz"]
[Site "Chess.com"]
[Date "2021.04.06"]
[Round "2"]
[White "TST2014"]
[Black "PavelChernomordik"]
[Result "1-0"]
[WhiteElo "2679"]
[BlackElo "2335"]
[TimeControl "180+1"]
[EndTime "10:16:30 PDT"]
[Termination "TST2014 won by resignation"]

1. d4 g6 2. c4 Bg7 3. Nf3 d6 4. Nc3 Nc6 5. e3 e5 6. Be2 Nge7 7. d5 Nb8 8. e4 h6 9. h4 f5 10. h5 g5 11. exf5 Bxf5 12. Nd2 O-O 13. Nde4 Nd7 14. Be3 Nf6 15. Ng3 Bh7 16. Bd3 Bxd3 17. Qxd3 Ng4 18.
O-O-O Nxf2 19. Bxf2 Rxf2 20. Nce4 Rf4 21. Ne2 Rf7 22.
Rdf1 Nf5 23. g4 Nd4 24. Nxd4 exd4 25. Rxf7 Kxf7 26. Ng3 Kg8 27. Re1 Qf6 28. Nf5 Rf8 29.
Re6 Qf7 30. Rg6 c5 31. Nxh6+ 1-0

[Event "*** Titled Tuesday Blitz"]
[Site "Chess.com"]
[Date "2021.04.06"]
[Round "2"]
[White "Nicolas_Chess10"]
[Black "mariofs"]
[Result "1-0"]
[WhiteElo "2447"]
[BlackElo "2225"]
[TimeControl "180+1"]
[EndTime "10:16:30 PDT"]
[Termination "Nicolas_Chess10 won by resignation"]

1. d4 d5 2. c4 c6 3. Nc3 Nf6 4. e3 g6 5. Nf3 Bg7 6. Be2 O-O 7. O-O e6 8. Bd2 Re8 9. Rc1 Nbd7 10. b4 a6 11. a4 Qb6 12. Qb3 h6 13. b5 axb5 14. axb5 Ne4 15. Rfd1 Nxd2 16. Nxd2 dxc4 17. Nxc4 Qc7 18. Ne4 e5 19. Ned6 Re6 20. Nxc8 Rxc8 21. dxe5 Nxe5 22. Nxe5 Bxe5 23. g3 Rd8 24. Rxd8+ Qxd8 25. Bc4 Re7 26. bxc6 bxc6 27. Rd1 Qb8 28. Qxb8+ Bxb8 29. Rd8+ Kg7 30. Rxb8 Re4 31. Be2 h5 32. Rc8 Re6 33.
Bf3 1-0

[Event "*** Titled Tuesday Blitz"]
[Site "Chess.com"]
[Date "2021.04.06"]
[Round "2"]
[White "Skat2704"]
[Black "Hard_Utilizator"]
[Result "0-1"]
[WhiteElo "2623"]
[BlackElo "2459"]
[TimeControl "180+1"]
[EndTime "10:16:35 PDT"]
[Termination "Hard_Utilizator won by resignation"]

1. d4 d5 2. c4 e6 3. Nf3 Nf6 4.
Nc3 c6 5. Bg5 Be7 6. e3 Nbd7 7.
Bd3 O-O 8. O-O dxc4 9. Bxc4 Nd5 10. Bf4 Nxf4 11. exf4 b5 12. Bd3 Bb7 13. Ne4 Qb6 14. Qe2 a6 15. Neg5 Bxg5 16. Nxg5 Nf6 17. Rfd1 Rfd8 18. Ne4 Rxd4 19. Nxf6+ gxf6 20. Qg4+ Kf8 21. Bxh7 Rad8 22. Re1 c5 23. Qh4 Ke7 24. Rac1 c4 25.
Bf5 Bd5 26. Qh7 Rxf4 27. Bg6 Qxf2+ 0-1

[Event "*** Titled Tuesday Blitz"]
[Site "Chess.com"]
[Date "2021.04.06"]
[Round "2"]
[White "Alex_Molchanov"]
[Black "Fischerev7"]
[Result "1-0"]
[WhiteElo "2515"]
[BlackElo "2286"]
[TimeControl "180+1"]
[EndTime "10:16:35 PDT"]
[Termination "Alex_Molchanov won by resignation"]

1. e4 c5 2. Nf3 d6 3. Bb5+ Nd7 4. O-O g6 5. Nc3 Bg7 6. d3 Nf6 7. Bg5 h6 8. Be3 O-O 9. h3 e6 10. Nd2 a6 11. Bc4 Ne5 12. f4 Nxc4 13. dxc4 b6 14.
Qe2 Bb7 15. Rad1 Qc7 16. Qf2 Qb8 17. f5 Kh7 18. Qh4 exf5 19. exf5 Qd8 20. Bg5 Kg8 21. Bxh6 Bxh6 22. Qxh6 1-0

[Event "*** Titled Tuesday Blitz"]
[Site "Chess.com"]
[Date "2021.04.06"]
[Round "2"]
[White "Nils_03"]
[Black "morte-negra"]
[Result "1-0"]
[WhiteElo "2365"]
[BlackElo "1939"]
[TimeControl "180+1"]
[EndTime "10:16:38 PDT"]
[Termination "Nils_03 won by resignation"]

1. d4 Nf6 2. c4 c5 3. d5 e6 4. Nc3 exd5 5. cxd5 d6 6. e4 g6 7. f4 Bg7 8. Bb5+ Nfd7 9. a4 a6 10. Bd3 O-O 11. Nf3 Re8 12. O-O Nf6 13. Re1 Nbd7 14. e5 dxe5 15. fxe5 Ng4 16. Bg5 Qb6 17.
a5 Qa7 18. Bc4 Ngxe5 19. d6 b5 20. axb6 Qxb6 21. Nd5 Qxb2 22. Rb1 Nxf3+ 23. Qxf3 Rxe1+ 24. Rxe1 Qd4+ 25. Ne3 Rb8 26. Qxf7+ 1-0

[Event "*** Titled Tuesday Blitz"]
[Site "Chess.com"]
[Date "2021.04.06"]
[Round "2"]
[White "ChainsOfFantasia"]
[Black "BAS8892"]
[Result "0-1"]
[WhiteElo "2431"]
[BlackElo "2663"]
[TimeControl "180+1"]
[EndTime "10:16:40 PDT"]
[Termination "BAS8892 won by resignation"]

1. d4 d5 2. Nf3 Nf6 3. c4 c6 4.
Nc3 dxc4 5. a4 Bf5 6. Ne5 Nbd7 7. Nxc4 Qc7 8. Qd2 g6 9. Qf4 Qxf4 10. Bxf4 Bg7 11. e3 Nd5 12. Nxd5 cxd5 13. Na5 e5 14. dxe5 Nxe5 15. Bb5+ Ke7 16. Nxb7 a6 17. Be2 Rhb8 18. Na5 Rxb2 19. Bxe5 Bxe5 20. Nc6+ Kd6 21. Nxe5 Kxe5 22. f4+ Kd6 23. Kf2 a5 24. Rhe1 Rc8 25. Kg3 Be4 26. Bf3 f5 27. Rac1 Rcc2 28. Rxc2 Bxc2 29. Re2 Ra2 30. Rd2 Bb3 31. Rd3 Bc4 32. Rd1 Rxa4 33. h4 Ra3 34. h5 a4 35. hxg6 hxg6 36. Kh4 Rxe3 37. Kg5 Re6 38. Rb1 Kc5 0-1

[Event "*** Titled Tuesday Blitz"]
[Site "Chess.com"]
[Date "2021.04.06"]
[Round "2"]
[White "yandry1996"]
[Black "Grandmaster1369"]
[Result "1-0"]
[WhiteElo "2245"]
[BlackElo "2434"]
[TimeControl "180+1"]
[EndTime "10:16:40 PDT"]
[Termination "yandry1996 won by resignation"]

1. e4 c5 2. Nf3 d6 3. d4 cxd4 4. Nxd4 Nf6 5. Nc3 a6 6. f3 e5 7. Nb3 Be6 8. Be3 Be7 9. Qd2 h5 10. O-O-O Nbd7 11. Kb1 Rc8 12. Qf2 b5 13. Nd5 Nxd5 14.
exd5 Bf5 15. Bd3 Bxd3 16. Rxd3 Bg5 17. f4 exf4 18. Bxf4 Bxf4 19. Qxf4 Ne5 20. Rg3 Rc4 21. Qf5 g6 22. Qf2 Qh4 23. Qa7 O-O 24. Qxa6 Qe4 25. Rc1 Rfc8 26. Nd2 Rxc2 27. Qxc8+ Rxc8+ 28. Nxe4 Rd8 29. Rb3 f5 30. Ng5 Rb8 31. Rc7 Nc4 32. Rxc4 1-0

[Event "*** Titled Tuesday Blitz"]
[Site "Chess.com"]
[Date "2021.04.06"]
[Round "2"]
[White "Goryachkina"]
[Black "McCarthyStone"]
[Result "1/2-1/2"]
[WhiteElo "2632"]
[BlackElo "2405"]
[TimeControl "180+1"]
[EndTime "10:16:44 PDT"]
[Termination "Game drawn by agreement"]

1. e4 d6 2. d4 Nf6 3. Nc3 Nc6 4.
h3 a6 5. Nf3 e5 6. Be3 exd4 7.
Nxd4 Bd7 8. Bd3 Be7 9. O-O O-O 10. Re1 Re8 11. Qd2 Bf8 12. Rad1 b5 13. a3 Nxd4 14.
Bxd4 c5 15. Bxf6 Qxf6 16. Nd5 Qd8 17. c4 Bc6 18. b4 Bxd5 19. exd5 bxc4 20. Bxc4 cxb4 21.
axb4 Qb6 22. Rxe8 Rxe8 23. Ra1 Rb8 24. Ra4 Ra8 25. Qe2 a5 1/2-1/2

[Event "*** Titled Tuesday Blitz"]
[Site "Chess.com"]
[Date "2021.04.06"]
[Round "2"]
[White "dennisodessa"]
[Black "Harry_Rakkel"]
[Result "0-1"]
[WhiteElo "2315"]
[BlackElo "2591"]
[TimeControl "180+1"]
[EndTime "10:16:44 PDT"]
[Termination "Harry_Rakkel won on time"]

1. d4 Nf6 2. c4 e6 3. Nc3 Bb4 4. Qc2 O-O 5. a3 Bxc3+ 6. Qxc3 d6 7. Bg5 Nbd7 8. Nf3 h6 9. Bh4 b6 10. e3 Bb7 11. Bd3 Qe7 12. O-O c5 13. Rfe1 Bxf3 14.
gxf3 Rac8 15. Rac1 Rc7 16. Bb1 Rfc8 17. Qd3 Nf8 18.
Kh1 Ng6 19. Bg3 cxd4 20. Qxd4 e5 21. Qd3 Qe6 22. b3 b5 23. Qf5 Nf8 24. Bd3 bxc4 25. Qxe6 Nxe6 26. Bxc4 d5 27. Bxe5 Rc6 28. Rg1 Kf8 0-1

[Event "*** Titled Tuesday Blitz"]
[Site "Chess.com"]
[Date "2021.04.06"]
[Round "2"]
[White "reniite"]
[Black "Oglob71"]
[Result "0-1"]
[WhiteElo "2017"]
[BlackElo "2377"]
[TimeControl "180+1"]
[EndTime "10:16:45 PDT"]
[Termination "Oglob71 won on time"]

1. e4 c5 2. Nf3 e6 3. d4 cxd4 4. Nxd4 a6 5. Nc3 Qc7 6. Bd3 Nf6 7. O-O Bc5 8. Nb3 Ba7 9. h3 d6 10. Qe2 Nbd7 11. Be3 b5 12. Bxa7 Qxa7 13. Rad1 b4 14. Nb1 O-O 15. N1d2 Qc7 16. f4 Bb7 17. g4 Nb6 18. g5 Nfd7 19. Qg4 a5 20. f5 Ne5 21. Qg3 a4 22. Nc1 exf5 23. exf5 Nxd3 24. Qxd3 Qc6 25. Nf3 Nc4 26. Rde1 Ne5 27. Rxe5 dxe5 28. Qe2 Rfe8 29. Kh2 Rac8 30. Nxe5 Qxc2 0-1

[Event "*** Titled Tuesday Blitz"]
[Site "Chess.com"]
[Date "2021.04.06"]
[Round "2"]
[White "Jospem"]
[Black "DamianoLew95"]
[Result "1-0"]
[WhiteElo "2910"]
[BlackElo "2560"]
[TimeControl "180+1"]
[EndTime "10:16:48 PDT"]
[Termination "Jospem won by resignation"]

1. e4 e6 2. d4 d5 3. Bd3 c5 4. exd5 exd5 5. Nf3 Nf6 6. O-O Nc6 7. Re1+ Be7 8. dxc5 O-O 9. Nbd2 Bxc5 10. Nb3 Bb6 11.
Be3 Bxe3 12. Rxe3 Bg4 13. h3 Bh5 14. Qd2 a5 15. a4 Qb6 16. Ne5 Nxe5 17. Rxe5 Bg6 18.
Bb5 Rac8 19. c3 Rfd8 20. Rae1 h6 21. Qd4 Qc7 22. Re7 Qb8 23. Nxa5 Rc7 24. Qe5 Rxe7 25. Qxe7 Rf8 26. Nxb7 Ne4 27. Nc5 Qb6 28. Qxf8+ 1-0

[Event "*** Titled Tuesday Blitz"]
[Site "Chess.com"]
[Date "2021.04.06"]
[Round "2"]
[White "HouseOfDurin"]
[Black "2nd_life"]
[Result "0-1"]
[WhiteElo "2148"]
[BlackElo "2415"]
[TimeControl "180+1"]
[EndTime "10:16:48 PDT"]
[Termination "2nd_life won by resignation"]

1. d4 Nf6 2. Bg5 e6 3. e4 h6 4. Bxf6 Qxf6 5. e5 Qd8 6. f4 d6 7. Nf3 c5 8. c3 Nc6 9. Bb5 Bd7 10.
dxc5 dxe5 11. Bxc6 Bxc6 12. Qxd8+ Rxd8 13. fxe5 Bxc5 14. Nbd2 Ke7 15. O-O-O Be3 16. Kc2 Rd7 17. Rhe1 Bf2 18. Re2 Bb6 19. Ne4 Rxd1 20. Kxd1 Rd8+ 21. Nfd2 Bb5 22. c4 Bxc4 23. Re1 Bxa2 24. Kc2 Rc8+ 25.
Kd3 Bd5 26. g3 Ba5 27. Nd6 Rd8 28. Ra1 Bxd2 29. Kxd2 a6 30. Rc1 f6 31. Rc7+ Rd7 32.
Rxd7+ Kxd7 33. exf6 Kxd6 34. fxg7 e5 35. Ke3 Ke7 36. h4 Kf7 37. g4 Kxg7 38. g5 hxg5 39. hxg5 Kg6 0-1

[Event "*** Titled Tuesday Blitz"]
[Site "Chess.com"]
[Date "2021.04.06"]
[Round "2"]
[White "kuli4ik"]
[Black "kleopl"]
[Result "1-0"]
[WhiteElo "2868"]
[BlackElo "2550"]
[TimeControl "180+1"]
[EndTime "10:16:50 PDT"]
[Termination "kuli4ik won by resignation"]

1. Nf3 f5 2. d3 Nf6 3. e4 fxe4 4. dxe4 Nxe4 5. Bd3 Nf6 6. Ng5 d6 7. Bxh7 Nxh7 8.
Qh5+ Kd7 9. Nxh7 c6 10. Nf6+ exf6 11. Qxh8 d5 12. O-O Na6 13. Bf4 Nc5 14. Re1 Ne6 15. Qh3 Qe7 16. Nc3 Kd8 17. Bg3 Ng5 18. Qh8 Qc5 19.
h4 Nf7 20. Qh5 Nd6 21. Rad1 Bd7 22. Nxd5 cxd5 23. Rxd5 Qc6 24. Bxd6 Bxd6 25. Red1 Kc7 26. Rxd6 Qxd6 27. Rxd6 Kxd6 28. Qf7 1-0

[Event "*** Titled Tuesday Blitz"]
[Site "Chess.com"]
[Date "2021.04.06"]
[Round "2"]
[White "hypert"]
[Black "poneis_malditos"]
[Result "1-0"]
[WhiteElo "2553"]
[BlackElo "2298"]
[TimeControl "180+1"]
[EndTime "10:16:50 PDT"]
[Termination "hypert won by resignation"]

1. Nc3 c5 2. d3 Nc6 3. g3 g6 4.
Bg2 Bg7 5. Be3 d6 6. h4 h5 7. Nh3 e6 8. Ng5 Nge7 9. Qc1 Nf5 10. Bd2 Rb8 11. a3 Bd7 12. Rb1 b5 13. b4 cxb4 14.
axb4 O-O 15. O-O d5 16. e4 dxe4 17. Ncxe4 Qe7 18. Re1 Rfc8 19. Nc5 Ncd4 20. c3 Nc6 21. d4 Qd8 22. Bf4 Rb6 23. d5 exd5 24. Bxd5 Nh6 25. Rb2 Ne7 26. Ba2 Nef5 27. Rd2 Rxc5 28. bxc5 Rc6 29. Red1 1-0

[Event "*** Titled Tuesday Blitz"]
[Site "Chess.com"]
[Date "2021.04.06"]
[Round "2"]
[White "djano"]
[Black "exoticprincess"]
[Result "0-1"]
[WhiteElo "2476"]
[BlackElo "2927"]
[TimeControl "180+1"]
[EndTime "10:16:51 PDT"]
[Termination "exoticprincess won by resignation"]

1. e4 c6 2. d4 d5 3. exd5 cxd5 4.
Bd3 Nc6 5. c3 Nf6 6. Bf4 Bg4 7.
Qb3 Qc8 8. Nd2 e6 9. Ngf3 Bh5 10.
O-O Be7 11. Rae1 Bg6 12. Bxg6 hxg6 13. h3 O-O 14. Ne5 Nxe5 15. Bxe5 Nd7 16. Bh2 Qc6 17. f4 b5 18. Nf3 a5 19. Ne5 Nxe5 20. fxe5 b4 21. Rf3 a4 22. Qc2 a3 23. b3 Rac8 24. Rc1 Bg5 25. Bf4 Bxf4 26. Rxf4 Qxc3 27. Qxc3 Rxc3 28.
Rxc3 bxc3 29. Rf2 f6 30. exf6 e5 31. dxe5 d4 32. Kf1 Rc8 33. e6 c2 0-1

[Event "*** Titled Tuesday Blitz"]
[Site "Chess.com"]
[Date "2021.04.06"]
[Round "2"]
[White "SharapovEvgeny"]
[Black "NaciSAN"]
[Result "1-0"]
[WhiteElo "2476"]
[BlackElo "2256"]
[TimeControl "180+1"]
[EndTime "10:16:53 PDT"]
[Termination "SharapovEvgeny won on time"]

1. c4 Nf6 2. Nc3 g6 3. g3 Bg7 4. Bg2 O-O 5. e3 d6 6. Nge2 Nc6 7. O-O e5 8. d3 Be6 9. Nd5 Qd7 10. Rb1 Nd8 11.
b4 Ne8 12. b5 c6 13. bxc6 bxc6 14. Ndc3 f5 15. Qa4 Nf6 16. Ba3 Rf7 17. Rb3 Bf8 18. Rfb1 d5 19. cxd5 cxd5 20. Qxd7 Rxd7 21. Bxf8 Kxf8 22.
d4 e4 23. Na4 Rc7 24. Nc5 Bc8 25. Rb8 Rxb8 26. Rxb8 Ke7 27. Nc3 Ne6 28. Nb5 Rb7 29. Nxb7 1-0

[Event "*** Titled Tuesday Blitz"]
[Site "Chess.com"]
[Date "2021.04.06"]
[Round "2"]
[White "ffbp3q"]
[Black "MoreChessJulia"]
[Result "1-0"]
[WhiteElo "2411"]
[BlackElo "2129"]
[TimeControl "180+1"]
[EndTime "10:16:54 PDT"]
[Termination "ffbp3q won by resignation"]

1. d4 g6 2. c4 Bg7 3. Nf3 c5 4. d5 d6 5. e4 Nd7 6. Nc3 Bxc3+ 7. bxc3 Ngf6 8. Bd3 Ng4 9. O-O O-O 10. Re1 Nge5 11. Bh6 Re8 12. Ng5 Nf6 13. h3 e6 14. Bf1 exd5 15.
cxd5 a6 16. a4 b6 17. f4 Neg4 18. hxg4 Nxg4 19. e5 Nxh6 20. e6 fxe6 21. dxe6 Nf5 22. Bc4 Qf6 23. Qd5 Ra7 24. e7+ Kg7 25. g4 Nxe7 26. Qe4 Qxc3 27. Rac1 Qd4+ 28. Qxd4+ cxd4 29. Bf7 Rf8 30. Be6 Rf6 31. Bxc8 Nxc8 32. Rxc8 Rxf4 33. Ne6+ 1-0

[Event "*** Titled Tuesday Blitz"]
[Site "Chess.com"]
[Date "2021.04.06"]
[Round "2"]
[White "aljado"]
[Black "tandaleo"]
[Result "0-1"]
[WhiteElo "2110"]
[BlackElo "2404"]
[TimeControl "180+1"]
[EndTime "10:16:55 PDT"]
[Termination "tandaleo won by resignation"]

1. e4 d6 2. d4 Nf6 3. Nc3 g6 4. Be2 Bg7 5. h4 c5 6. d5 h5 7. Bg5 a6 8. f3 b5 9. g4 hxg4 10. fxg4 b4 11. Bxf6 Bxf6 12. Na4 Rxh4 13. Rxh4 Bxh4+ 14. Kf1 Nd7 15. Qd3 Ne5 16. Qh3 Bf6 17. Rd1 Bd7 18. b3 Kf8 19. Nb2 Qc8 20. Nc4 Bxg4 21. Qh6+ Bg7 22. Qf4 Bxe2+ 23. Nxe2 Nxc4 24. bxc4 Qh3+ 25. Ke1 Be5 26. Qg5 Kg7 27. Nf4 Qe3+ 0-1

[Event "*** Titled Tuesday Blitz"]
[Site "Chess.com"]
[Date "2021.04.06"]
[Round "2"]
[White "AlexPapasimakopoulos"]
[Black "tylityli"]
[Result "1/2-1/2"]
[WhiteElo "2609"]
[BlackElo "2324"]
[TimeControl "180+1"]
[EndTime "10:16:56 PDT"]
[Termination "Game drawn by repetition"]

1. d4 Nf6 2. c4 e6 3. Nc3 Bb4 4.
Qc2 O-O 5. a3 Bxc3+ 6. Qxc3 d6 7.
f3 Qe7 8. e4 e5 9. d5 a5 10. b3 h6 11. Bd3 Nbd7 12. Ne2 Nc5 13. Bc2 Bd7 14. O-O b5 15. b4 axb4 16. axb4 Na4 17.
Bxa4 Rxa4 18. Rxa4 bxa4 19. Be3 Ra8 20. Ra1 Qd8 21. b5 Nh5 22. Qb4 f5 23. Rxa4 fxe4 24. fxe4 Rxa4 25. Qxa4 Qh4 26. Ng3 Nxg3 27. hxg3 Qxe4 28.
Qb3 Bf5 29. Kf2 Qd3 30. Qa2 Be4 31. Qe2 Kf7 32. Qh5+ Bg6 33. Qf3+ Ke7 34. Qe2 Qf5+ 35. Qf3 Qc2+ 36. Qe2 Qf5+ 37. Kg1 Qd3 38. Kf2 Qf5+ 1/2-1/2

[Event "*** Titled Tuesday Blitz"]
[Site "Chess.com"]
[Date "2021.04.06"]
[Round "2"]
[White "PawnEatingZombie"]
[Black "ApacheSVD"]
[Result "0-1"]
[WhiteElo "2199"]
[BlackElo "2433"]
[TimeControl "180+1"]
[EndTime "10:16:58 PDT"]
[Termination "ApacheSVD won by resignation"]

1. d4 Nf6 2. c4 c5 3. d5 b5 4. cxb5 a6 5. e3 Bb7 6. Nc3 e6 7. e4 exd5 8. e5 Qe7 9. Qe2 Ne4 10. Nf3 Nxc3 11. bxc3 axb5 12. g3 b4 13. Bg5 f6 14. exf6 Qxe2+ 15. Bxe2 bxc3 16. O-O Nc6 17. Rfe1 Kf7 18. fxg7 Bxg7 19. Bb5 Rhe8 20. a4 Ba6 21. Rxe8 Kxe8 22. Re1+ Kf8 23. Bxc6 dxc6 24. Be7+ Kg8 25.
Bxc5 Bd3 26. Ne5 Be4 27. Nd7 c2 28. f3 Bxf3 29. Nb6 Bd1 30. Nxa8 c1=Q 31. Re8+ Kf7 32. Re7+ Kf6 0-1

[Event "*** Titled Tuesday Blitz"]
[Site "Chess.com"]
[Date "2021.04.06"]
[Round "2"]
[White "RD4ever"]
[Black "LawrenceTrent"]
[Result "1-0"]
[WhiteElo "2888"]
[BlackElo "2558"]
[TimeControl "180+1"]
[EndTime "10:16:59 PDT"]
[Termination "RD4ever won by resignation"]

1. d4 d5 2. c4 e5 3. dxe5 d4 4. Nf3 Nc6 5. Nbd2 Nh6 6. Nb3 Ng4 7. a3 Ngxe5 8. Nxe5 Nxe5 9. Qxd4 Qxd4 10. Nxd4 Nxc4 11.
e4 Nd6 12. e5 Nf5 13. Nb5 Kd8 14. Bg5+ Be7 15. O-O-O+ Bd7 16. h4 a6 17. Bd3 Kc8 18.
Bxf5 Bxg5+ 19. hxg5 Bxf5 20. Nd4 Bd7 21. f4 c5 22. Nc2 Kc7 23. Ne3 Rad8 24. g3 Bc6 25.
Rxd8 Kxd8 26. Rd1+ Kc7 27. Nf5 g6 28. Nh6 Rf8 29.
Rd6 Bd7 30. Rf6 Be6 31. g4 Bd5 32. f5 Kd7 33. Rd6+ 1-0

[Event "*** Titled Tuesday Blitz"]
[Site "Chess.com"]
[Date "2021.04.06"]
[Round "2"]
[White "Smirnov_Pavel"]
[Black "1g41-0"]
[Result "1-0"]
[WhiteElo "2884"]
[BlackElo "2557"]
[TimeControl "180+1"]
[EndTime "10:17:00 PDT"]
[Termination "Smirnov_Pavel won by resignation"]

1. d4 d5 2. c4 dxc4 3. Nf3 Nf6 4.
e3 a6 5. Bxc4 e6 6. O-O c5 7. Nc3 b5 8. Bb3 Bb7 9. e4 Nxe4 10.
Nxe4 Bxe4 11. Re1 Bd5 12. dxc5 Bxb3 13. Qxb3 Bxc5 14. Qc3 Nd7 15. Qxg7 Qf6 16. Qg3 Qg6 17.
Qc7 Rg8 18. Bg5 h6 19. Rad1 hxg5 20. Qxd7+ Kf8 21. Qc6 Qc2 22. Qxa8+ Kg7 23. Qe4 Qxf2+ 24. Kh1 1-0

[Event "*** Titled Tuesday Blitz"]
[Site "Chess.com"]
[Date "2021.04.06"]
[Round "2"]
[White "MaxLeto"]
[Black "Firegrizzly"]
[Result "0-1"]
[WhiteElo "2365"]
[BlackElo "2628"]
[TimeControl "180+1"]
[EndTime "10:17:01 PDT"]
[Termination "Firegrizzly won on time"]

1. h4 d5 2. h5 e5 3. c3 Nc6 4. d4 h6 5. dxe5 Nxe5 6. Bf4 Nc4 7. Qc2 Bd6 8. Bxd6 Nxd6 9. e3 Bf5 10. Bd3 Bxd3 11. Qxd3 Nf6 12. Nd2 Qe7 13. Ne2 c5 14. Nf4 c4 15. Qd4 Nf5 16. Nxd5 Nxd4 17. Nxe7 Nc2+ 18.
Ke2 Nxa1 19. Nf5 Nc2 20. Nxg7+ Kd7 21. Nf5 b5 22. Rc1 Nxe3 23. Nxe3 Nxh5 24. b3 cxb3 25. axb3 a5 26. Ne4 Nf4+ 27. Kf3 Ne6 28. Nf6+ Kc6 29. c4 b4 30. Rd1 Rhd8 31. Ned5 Nc5 32. Ne7+ Kb7 33.
Rh1 Nxb3 34. Rxh6 Nd2+ 35. Kf4 Nxc4 36. Nfd5 b3 37. Rh1 b2 38. Rb1 a4 0-1

[Event "*** Titled Tuesday Blitz"]
[Site "Chess.com"]
[Date "2021.04.06"]
[Round "2"]
[White "ShapkinAnatoliy"]
[Black "EvilMorty23"]
[Result "1-0"]
[WhiteElo "2667"]
[BlackElo "2456"]
[TimeControl "180+1"]
[EndTime "10:17:04 PDT"]
[Termination "ShapkinAnatoliy won by checkmate"]

1. d4 Nf6 2. c4 e6 3. g3 d5 4. Nf3 Bb4+ 5. Bd2 Be7 6. Bg2 O-O 7.
O-O c6 8. Qc2 b6 9. Bf4 Nbd7 10.
Rd1 Ba6 11. Ne5 Rc8 12. cxd5 cxd5 13. Nc6 Qe8 14. Nxe7+ Qxe7 15. Nc3 Nh5 16. Be3 f5 17. Qa4 Nb8 18. Bf3 Nf6 19. Bf4 Qb7 20. Nb5 Rc4 21. Qxc4 dxc4 22. Bxb7 Bxb7 23. Nxa7 Nbd7 24. Nb5 Nd5 25.
Nd6 Bc6 26. Nxc4 Nxf4 27. gxf4 Rf6 28. f3 Rg6+ 29. Kf2 Rh6 30. Rh1 Rh4 31. Kg3 g5 32. e3 h6 33. Rac1 Nf6 34. fxg5 hxg5 35. Nxb6 f4+ 36. exf4 Nh5+ 37. Kf2 Bb7 38. Rc7 Ba6 39.
Ra7 Bb5 40. Rc1 Nf6 41. fxg5 Ne8 42. Kg3 Rxd4 43. a4 e5 44. axb5 e4 45. Rc8 Kf8 46. Nd7+ Ke7 47. Nf6+ Ke6 48. Rxe8+ Kf5 49. fxe4+ Kg6 50.
Rg8# 1-0